 Dungeon Sprint DCSS version 0.21-a0-50-g941c862 (webtiles) character file.

709 Kidiri the Grappler (level 7, -1/114 HPs)
             Began as a Troll Monk on June 11, 2017.
             Was the Champion of Wu Jian.
             Slain by a black mamba (12 damage)
             ... in the Dungeon (Sprint VII: "The Pits").
             The game lasted 00:06:05 (610 turns).

Kidiri the Grappler (Troll Monk)                     Turns: 610, Time: 00:06:06

Health: -1/114     AC:  5    Str: 25    XL:     7   Next: 40%
Magic:  6/6        EV: 13    Int:  6    God:    Wu Jian [******]
Gold:   0          SH:  0    Dex: 14    Spells: 6/6 levels left

rFire    . . .     SeeInvis .     - Unarmed
rCold    . . .     Gourm    +   (no shield)
rNeg     . . .     Faith    .   a - +0 robe
rPois    .         Spirit   .   (helmet restricted)
rElec    .         Reflect  .   (no cloak)
rCorr    .         Harm     .   (gloves unavailable)
MR       .....     NoTele   +   (boots unavailable)
Stlth    ..........             (no amulet)
Regen    0.7/turn               (no ring)
MPRegen  0.1/turn               (no ring)

@: confused, berserking, very quick
A: unfitting armour, claws 3, fast metabolism 3, gourmand, regeneration 1,
shaggy fur 1, tough skin 2
a: Serpent's Lash, Heavenly Storm, Renounce Religion


You were in the Dungeon.
You worshipped Wu Jian.
Wu Jian was exalted by your worship.
You were very full.

You visited 1 branch

Inventory:

Missiles
 p - 4 tomahawks (quivered)
Armour
 a - a +0 robe (worn)
Scrolls
 h - a scroll of blinking
 j - 3 scrolls of remove curse
 k - 5 scrolls of amnesia
 l - a scroll of summoning
Potions
 c - 4 potions of curing
 e - a potion of haste
 f - 4 potions of magic
 i - 2 potions of invisibility
Comestibles
 b - 9 bread rations
 d - 2 chunks of flesh
 m - 40 fruits
 n - 7 meat rations


   Skills:
 * Level 6.7 Fighting
 + Level 3.5 Throwing
 + Level 4.1 Armour
 * Level 6.7 Dodging
 * Level 4.8 Stealth
 * Level 8.0 Unarmed Combat


You had 6 spell levels left.
You didn't know any spells.

Dungeon Overview and Level Annotations

Branches:
Dungeon (1/1)

Altars:
Ashenzari
Cheibriados
Dithmenos
Elyvilon
Fedhas
Gozag
Hepliaklqana
Kikubaaqudgha
Makhleb
Nemelex Xobeh
Okawaru
Qazlal
Ru
Sif Muna
Trog
Uskayaw
Vehumet
Wu Jian
Xom
Yredelemnul
Zin
The Shining One
Beogh
Jiyva
Lugonu


Innate Abilities, Weirdness & Mutations

You are too large for most types of armour.
You have claws for hands.
Your metabolism is lightning-fast.
You like to eat raw meat.
Your natural rate of healing is unusually fast.
You are covered in fur. (AC +1)
You have very tough skin. (AC +2)


Message History

You feel much better. The black mamba closely misses you.
The tarantella bites you. The black mamba bites you.
Unknown command.
Okay, then.
Unknown command.
A red film seems to cover your vision as you go berserk!
You feel yourself moving faster!
You feel mighty! The black mamba bites you!
* * * LOW HITPOINT WARNING * * *
The tarantella barely misses you. The black mamba bites you!
* * * LOW HITPOINT WARNING * * *
The tarantella bites you!
* * * LOW HITPOINT WARNING * * *
You are confused.
You feel a strong urge to attack something.
The black mamba misses you.
You miss the black mamba.
The black mamba is almost dead.
The black mamba misses you. The tarantella barely misses you.
You bump into the metal wall.
The black mamba bites you!
You die...

#.#........##.......#
#'###########.......#
#))#.#)##..##########
#...)..)#.######
##.#)#)##.#....#
#....)).#+#....#
##.#.#)##)ooo..+
#......s#o#....#
##.#.#@S'o#....#
###############


You could see a black mamba, a tarantella, an orc wizard and an orc.

Vanquished Creatures
  A bog body (D)
  A warg (D)
  An orc warrior (D)
  A porcupine (D)
  4 orc wizards (D)
  A worker ant (D)
  A mummy (D)
  An adder (D)
  2 leopard geckos (D)
  6 orcs (D)
  2 bats (D)
  2 giant cockroaches (D)
  A hobgoblin (D)
  A kobold (D)
  2 frilled lizards (D)
  A leopard gecko skeleton (D)
  A rat (D)
29 creatures vanquished.

Vanquished Creatures (others)
  An orc wizard (D)
1 creature vanquished.

Grand Total: 30 creatures vanquished

Notes
Turn   | Place    | Note
-------+----------+-------------------------------------------
     0 | D        | Kidiri the Troll Monk began the quest for the Orb.
     0 | D        | Reached XP level 1. HP: 22/22 MP: 0/0
    45 | D        | Found a bloodstained altar of Trog.
    45 | D        | Found a deep blue altar of Sif Muna.
    45 | D        | Found a viscous altar of Jiyva.
    45 | D        | Found a hazy altar of Hepliaklqana.
    45 | D        | Found an opulent altar of Gozag.
    46 | D        | Found a glowing golden altar of the Shining One.
    46 | D        | Found a glowing silver altar of Zin.
    46 | D        | Found a basalt altar of Yredelemnul.
    46 | D        | Found a shimmering altar of Xom.
    46 | D        | Found an ornate altar of the Wu Jian Council.
    46 | D        | Found a sacrificial altar of Ru.
    46 | D        | Found a stormy altar of Qazlal.
    46 | D        | Found an iron altar of Okawaru.
    46 | D        | Found a sparkling altar of Nemelex Xobeh.
    46 | D        | Found a burning altar of Makhleb.
    46 | D        | Found a blossoming altar of Fedhas.
    46 | D        | Found a white marble altar of Elyvilon.
    46 | D        | Found a shadowy altar of Dithmenos.
    46 | D        | Found a snail-covered altar of Cheibriados.
    48 | D        | Found a radiant altar of Vehumet.
    48 | D        | Found a corrupted altar of Lugonu.
    48 | D        | Found a roughly hewn altar of Beogh.
    49 | D        | Found a hide-covered altar of Uskayaw.
    49 | D        | Found an ancient bone altar of Kikubaaqudgha.
    49 | D        | Found a shattered altar of Ashenzari.
    55 | D        | Became a worshipper of the Wu Jian Council
    55 | D        | Reached * piety under Wu Jian
    55 | D        | Reached ** piety under Wu Jian
    81 | D        | Reached XP level 2. HP: 29/31 MP: 1/1
    98 | D        | Reached skill level 1 in Armour
   104 | D        | Reached *** piety under Wu Jian
   117 | D        | Noticed a warg
   271 | D        | Killed a warg
   271 | D        | Reached skill level 5 in Unarmed Combat
   271 | D        | Reached XP level 3. HP: 40/40 MP: 2/2
   271 | D        | Reached XP level 4. HP: 49/49 MP: 3/3
   337 | D        | Noticed an orc warrior
   338 | D        | Reached **** piety under Wu Jian
   338 | D        | Reached XP level 5. HP: 55/55 MP: 4/4
   350 | D        | Reached ***** piety under Wu Jian
   350 | D        | Reached skill level 5 in Fighting
   350 | D        | Reached skill level 1 in Throwing
   350 | D        | Reached skill level 5 in Dodging
   357 | D        | Reached skill level 6 in Unarmed Combat
   365 | D        | Killed an orc warrior
   365 | D        | Reached XP level 6. HP: 30/67 MP: 5/5
   366 | D        | Reached skill level 7 in Unarmed Combat
   443 | D        | Noticed a bog body
   450 | D        | Killed a bog body
   450 | D        | Reached XP level 7. HP: 9/76 MP: 6/6
   559 | D        | Reached ****** piety under Wu Jian
   587 | D        | Noticed a black mamba
   587 | D        | Noticed a tarantella
   590 | D        | Reached skill level 8 in Unarmed Combat
   594 | D        | HP: 2/76 [black mamba (5)]
   604 | D        | HP: 2/76 [tarantella (15)]
   610 | D        | Slain by a black mamba

Vault maps used:
D:        pitsprint

Skill      XL: |  1  2  3  4  5  6  7 |
---------------+----------------------+-----
Fighting       | 3 4 5 6 |  6.7
Dodging        | 3 4 5 6 |  6.7
Armour         | 2 3 4 |  4.1
Stealth        | 3 4 |  4.8
Unarmed Combat | 5 6 7 8 |  8.0
Throwing       | 2 3 |  3.5

Action                   |  1- 3 |  4- 6 |  7- 9 || total
-------------------------+-------+-------+-------++-------
Melee: Unarmed           |    39 |    49 |    25 ||   113
       Punch             |     1 |       |       ||     1
  Use: Potion            |     2 |     2 |     7 ||    11
 Stab: Sleeping          |     1 |     1 |     2 ||     4
  Eat: Chunk             |     5 |     5 |     1 ||    11
Armor: Robe              |    15 |    10 |     2 ||    27
Dodge: Dodged            |    17 |    20 |    25 ||    62
